 Dungeon Crawl Stone Soup version 0.24-a0-226-gca05e9d (webtiles) character file.

Game seed: 18103617903728548654

1529 Hylith the Basher (level 8, -9/70 HPs)
             Began as a Minotaur Fighter on Mar 31, 2019.
             Mangled by a two-headed ogre
             ... wielding a +0 giant spiked club
              (12 damage)
             ... on level 6 of the Dungeon.
             The game lasted 00:12:58 (4294 turns).

Hylith the Basher (Minotaur Fighter)                Turns: 4294, Time: 00:12:59

Health: -9/70      AC: 13    Str: 23    XL:     8   Next: 55%
Magic:  7/7        EV:  7    Int:  5    God:
Gold:   316        SH: 11    Dex: 12    Spells: 7/7 levels left

rFire    . . .     SeeInvis .   v - +1 flail (crush)
rCold    . . .     Gourm    .   c - +0 shield
rNeg     . . .     Faith    .   w - +0 chain mail
rPois    .         Spirit   .   (helmet restricted)
rElec    .         Reflect  .   l - +1 cloak
rCorr    .         Harm     .   A - +0 pair of gloves
MR       .....                  (no boots)
Stlth    ..........             (no amulet)
HPRegen  0.21/turn              i - +2 ring of dexterity
MPRegen  0.10/turn              b - ring of wizardry

@: lightly drained
A: retaliatory headbutt, horns 2
a: no special abilities


You were on level 6 of the Dungeon.
You were hungry.

You visited 1 branch of the dungeon, and saw 7 of its levels.
You also visited: Ossuary.

You collected 316 gold pieces.

Inventory:

Hand Weapons
 v - a +1 flail of crushing (weapon)
Armour
 c - a +0 shield (worn)
 l - a +1 cloak (worn)
 w - a +0 chain mail (worn)
 A - a +0 pair of gloves (worn)
Jewellery
 b - a ring of wizardry (right hand)
 i - a +2 ring of dexterity (left hand)
 x - an uncursed ring of protection from cold
 B - a +3 ring of intelligence {unknown}
 C - a cursed -5 ring of strength {unknown}
Wands
 D - a wand of enslavement (13)
Scrolls
 e - a scroll of fog {unknown}
 g - a scroll of enchant weapon {unknown}
 j - 5 scrolls of remove curse
 m - 4 scrolls of magic mapping {unknown}
 n - 2 scrolls of enchant armour
 o - 2 scrolls of fear {unknown}
 p - 8 scrolls of identify {unknown}
 r - 2 scrolls of teleportation {unknown}
 u - 2 scrolls of amnesia {unknown}
 y - a scroll of blinking {unknown}
Potions
 a - 2 potions of invisibility {unknown}
 d - a potion of might
 h - 2 potions of brilliance {unknown}
 k - 2 potions of curing {unknown}
 q - a potion of resistance {unknown}
 s - 3 potions of flight {unknown}
 t - a potion of degeneration {unknown}
 z - 4 potions of heal wounds {unknown}
 E - 2 potions of agility {unknown}
Comestibles
 f - 7 rations


   Skills:
 * Level 6.1(5.9) Fighting
 * Level 8.6(8.5) Maces & Flails
 * Level 6.5(6.3) Armour
 + Level 1.5(1.3) Dodging
 * Level 7.2(7.0) Shields


You had 7 spell levels left.
You didn't know any spells.
Your spell library was empty.

Dungeon Overview and Level Annotations

Branches:
Dungeon (7/15)
 Temple: D:4-7

Altars:
Cheibriados
Dithmenos
Elyvilon
Fedhas
Gozag
Hepliaklqana
Kikubaaqudgha
Trog
Wu Jian
Zin


Innate Abilities, Weirdness & Mutations

You reflexively headbutt those who attack you in melee.
You have a pair of horns on your head.


Message History

The two-headed ogre is severely wounded.
The two-headed ogre hits you but does no damage.
You block the two-headed ogre's attack.
The wight hits you from afar with a cursed +2 halberd.
* * * LOW HITPOINT WARNING * * *
There is a stone staircase leading up here.
The two-headed ogre closely misses you. You furiously retaliate!
You headbutt the two-headed ogre, but do no damage.
The two-headed ogre barely misses you.
You climb upwards.
There is a stone staircase leading down here.
You completely miss the two-headed ogre.
You headbutt the two-headed ogre!
The two-headed ogre is almost dead.
You hit the two-headed ogre.
The two-headed ogre is almost dead.
The two-headed ogre hits you with a +0 giant spiked club!
* * * LOW HITPOINT WARNING * * *
The two-headed ogre hits you with a +0 giant club!
You die...

######### #.......# #.#######
######.######. #.........<...
#.####.####### ####.####.# #
####.........# #
####..@.#...##..# #
#######....O......##..# #
#####.................##..# #
#.........#.##.######.##..#######
#.#######.#.##.# #.##.........
..# #.#.##.# #.##.....(... ..#
#.#....# #.######..### ..#
#..>...# #.# #..# ..# #.#...##
#.# #..#


You could see a two-headed ogre.

Vanquished Creatures
  Menkaure (Ossuary)
  2 ice beasts (D:6)
  2 ogres
  3 centaurs
  A wight (D:7)
  A howler monkey (D:4)
  An electric eel (D:6)
  A centaur zombie (D:6)
  3 hounds
  2 jellies
  Crazy Yiuf (D:2)
  A bullfrog skeleton (D:6)
  A centaur skeleton (D:5)
  2 iguanas
  4 worker ants
  2 hound zombies
  A hound skeleton (D:4)
  4 mummies
  6 adders
  A shadow imp (D:6)
  2 adder skeletons (D:4)
  A dart slug (D:1)
  2 leopard geckos (D:6)
  11 orcs
  5 giant cockroaches
  5 goblins
  8 hobgoblins
  13 jackals
  2 quokkas (D:6)
  A ball python (D:3)
  4 bats
  8 frilled lizards
  6 gnoll skeletons (Ossuary)
  7 gnoll zombies (Ossuary)
  3 goblin skeletons (Ossuary)
  3 goblin zombies (Ossuary)
  4 hobgoblin zombies (Ossuary)
  4 kobolds
  4 kobold skeletons (Ossuary)
  3 kobold zombies (Ossuary)
  A leopard gecko skeleton (D:6)
  6 orc skeletons (Ossuary)
  An orc zombie (Ossuary)
  7 rats
  4 rat skeletons (Ossuary)
  7 rat zombies (Ossuary)
  A fungus (D:2)
163 creatures vanquished.

Vanquished Creatures (others)
  A crimson imp (D:6)
  A kobold skeleton (Ossuary)
  A rat skeleton (Ossuary)
3 creatures vanquished.

Grand Total: 166 creatures vanquished

Notes
Turn   | Place    | Note
-------+----------+-------------------------------------------
     0 | D:1      | Hylith the Minotaur Fighter began the quest for the Orb.
     0 | D:1      | Reached XP level 1. HP: 19/19 MP: 0/0
    89 | D:1      | Reached XP level 2. HP: 21/27 MP: 1/1
   767 | D:2      | Reached skill level 3 in Maces & Flails
   771 | D:2      | Found a faded altar of an unknown god.
   786 | D:2      | Reached XP level 3. HP: 28/33 MP: 2/2
   810 | D:2      | Found a hazy altar of Hepliaklqana.
   825 | D:2      | Found an ornate altar of the Wu Jian Council.
   940 | D:2      | Found an opulent altar of Gozag.
  1220 | D:2      | Found a runed translucent door.
  1221 | D:2      | Noticed Crazy Yiuf
  1227 | D:2      | Killed Crazy Yiuf
  1227 | D:2      | Reached XP level 4. HP: 37/40 MP: 3/3
  1437 | D:3      | Reached skill level 4 in Maces & Flails
  1662 | D:3      | Found a snail-covered altar of Cheibriados.
  1811 | D:3      | Found a shadowy altar of Dithmenos.
  1906 | D:4      | Reached XP level 5. HP: 46/46 MP: 4/4
  2321 | D:4      | Reached skill level 5 in Shields
  2444 | D:4      | Found an ancient bone altar of Kikubaaqudgha.
  2517 | D:4      | Reached XP level 6. HP: 51/53 MP: 5/5
  2532 | D:4      | Reached skill level 5 in Armour
  2553 | D:4      | Found a blossoming altar of Fedhas.
  2616 | D:5      | Entered Level 5 of the Dungeon
  2624 | D:5      | Reached skill level 5 in Maces & Flails
  2636 | D:5      | Reached skill level 1 in Dodging
  2654 | D:5      | Found a blossoming altar of Fedhas.
  2738 | D:5      | Reached XP level 7. HP: 60/60 MP: 6/6
  2914 | D:5      | Reached skill level 6 in Maces & Flails
  3038 | D:5      | Found a sand-covered staircase.
  3046 | Ossuary  | Entered an ossuary
  3303 | Ossuary  | Noticed Menkaure
  3305 | Ossuary  | Reached skill level 5 in Fighting
  3315 | Ossuary  | Killed Menkaure
  3434 | D:5      | Found a bloodstained altar of Trog.
  3512 | D:6      | Reached skill level 7 in Maces & Flails
  3569 | D:6      | Reached XP level 8. HP: 48/69 MP: 7/7
  3783 | D:6      | Found a glowing silver altar of Zin.
  3855 | D:6      | Reached skill level 8 in Maces & Flails
  4225 | D:6      | Found a white marble altar of Elyvilon.
  4271 | D:7      | Noticed a two-headed ogre
  4294 | D:6      | HP: 3/70 [two-headed ogre/+0 giant spiked club (15)]
  4294 | D:6      | Mangled by a two-headed ogre

Levels and vault maps discovered:
D:1:      lemuel_arrival_broad_hall, layout_basic
D:2:      layout_rooms, nicolae_gozag_seed_capital, lemuel_crystal_altar,
          nicolae_overflow_hidden_temple,
          chequers_ecumenical_altar_simple_redux, uniq_crazy_yiuf_cottage
D:3:      layout_basic, lemuel_crystal_altar, grunt_dithmenos_smoke_and_mirrors,
          fountainhead, minmay_liquid_box
D:4:      layout_rooms, kennysheep_mini_moat, overflow_temple_1_default,
          first_ration, grunt_ministairs_7
D:5:      layout_basic, lightli_temple_of_fire, gup_ossuary_entry_pyramid,
          basic_altar
D:6:      layout_loops_ring, old_standard_altar, kennysheep_mini, fountainhead
D:7:      layout_rooms, minmay_temple_entry_glass, grunt_livestock,
          skrybe_limestone_x, yredelemnul_altar_generic
Ossuary:  ossuary_due_pyramid

Skill      XL: |  1  2  3  4  5  6  7  8 |
---------------+-------------------------+-----
Shields        | 4 5 6 7 |  7.2
Fighting       | 4 5 6 |  6.1
Maces & Flails | 3 4 5 7 8 |  8.6
Armour         | 4 5 6 |  6.5
Dodging        | 1 |  1.5

Action                   |  1- 3 |  4- 6 |  7- 9 || total
-------------------------+-------+-------+-------++-------
Melee: Flail             |   100 |   159 |   205 ||   464
       Headbutt          |    11 |    19 |    41 ||    71
  Use: Scroll            |       |     2 |       ||     2
  Eat: Chunk             |     1 |     5 |     5 ||    11
Armor: Scale mail        |    36 |    65 |       ||   101
       Chain mail        |       |    12 |    69 ||    81
Dodge: Dodged            |    30 |    61 |    36 ||   127
Block: Shield            |    59 |   103 |    86 ||   248

Table legend:
 A = Non-vault XP
 B = Vault XP
 C = Vault XP percentage of total XP
 D = Non-vault monster count
 E = Vault monster count
 F = Vault count percentage of total count
                 A         B        C        D         E       F
            +---------+---------+-------+---------+---------+-------
      Total |    1849 |     336 |  15.4 |     104 |      53 |  33.8
            +---------+---------+-------+---------+---------+-------
        D:1 |      36 |       0 |   0.0 |      24 |       0 |   0.0
        D:2 |      32 |      41 |  56.2 |      11 |       1 |   8.3
        D:3 |      36 |       0 |   0.0 |      15 |       0 |   0.0
        D:4 |     283 |       8 |   2.7 |      17 |       4 |  19.0
        D:5 |     506 |      18 |   3.4 |      16 |       1 |   5.9
        D:6 |     776 |       0 |   0.0 |      19 |       0 |   0.0
        D:7 |     180 |       0 |   0.0 |       2 |       0 |   0.0
    Ossuary |       0 |     269 | 100.0 |       0 |      47 | 100.0
            +---------+---------+-------+---------+---------+-------
